 Dungeon Crawl Stone Soup version 0.25.0-10-g039870ee82 (webtiles) character file.

Game seed: 10733614017514773724

(classic levelgen) 259875 EnegeticOcto the Champion of Chaos (level 19, -2/186 HPs)
             Began as a Deep Dwarf Fighter on June 23, 2020.
             Was the Champion of Makhleb.
             Killed from afar by a frost giant (30 damage)
             ... with a bolt of cold
             ... on level 5 of the Vaults.
             The game lasted 00:21:03 (18126 turns).

EnegeticOcto the Champion of Chaos (DDFi)          Turns: 18126, Time: 00:21:04

Health: -2/186     AC: 29    Str: 30    XL:     19   Next: 16%
Magic:  10/10      EV: 10    Int:  8    God:    Makhleb [******]
Gold:   2047       SH: 25    Dex: 15    Spells: 18/18 levels left

rFire    . . .     SeeInvis +   a - +1 broad axe (distort)
rCold    x . .     Gourm    .   E - +2 tower shield {reflect}
rNeg     + . .     Faith    .   O - +6 plate armour of Immorality {*Drain MR+ Int+2}
rPois    +         Spirit   .   (no helmet)
rElec    .         Reflect  +   c - +1 cloak
rCorr    .         Harm     .   L - +0 pair of gloves
MR       ++++.                  v - +2 pair of boots
Stlth    ..........             A - amulet of the acrobat
HPRegen  0.00/turn              l - ring "Naylasko" {+Fly rC- Str+4 Dex+3 Slay+4}
MPRegen  0.12/turn              U - ring of Toxeor {rPois MR+ Int-5 SInv}

@: non-regenerating
A: damage resistance, heal wounds, negative energy resistance 1, sense
surroundings 3, no regeneration
}: 2/15 runes: decaying, gossamer
a: Heal Wounds, Minor Destruction, Lesser Servant of Makhleb, Major Destruction,
Greater Servant of Makhleb, Renounce Religion, Evoke Flight


You were on level 5 of the Vaults.
You worshipped Makhleb.
Makhleb was exalted by your worship.
You were not hungry.

You visited 7 branches of the dungeon, and saw 34 of its levels.
You also visited: Volcano.

You collected 3391 gold pieces.
You spent 1344 gold pieces at shops.

Inventory:

Hand Weapons
 a - a +1 broad axe of distortion (weapon)
Missiles
 Q - a throwing net (quivered)
Armour
 c - a +1 cloak (worn)
 v - a +2 pair of boots (worn)
 E - a +2 tower shield of reflection (worn)
 L - a +0 pair of gloves (worn)
 O - the +6 plate armour of Immorality (worn) {*Drain MR+ Int+2}
   (You found it on level 13 of the Dungeon)

   It affects your intelligence (+2).
   It affects your resistance to hostile enchantments.
   It causes draining when unequipped.
Jewellery
 l - the ring "Naylasko" (left hand) {+Fly rC- Str+4 Dex+3 Slay+4}
   (You found it on level 15 of the Dungeon)

   [ring of slaying]

   It affects your strength (+4).
   It affects your dexterity (+3).
   It affects your accuracy and damage with ranged weapons and melee attacks
   (+4).
   It makes you vulnerable to cold.
   It lets you fly.
 q - a +6 ring of strength
 u - an uncursed ring of protection from magic
 A - an amulet of the acrobat (around neck)
 B - an uncursed ring of protection from fire
 U - the ring of Toxeor (right hand) {rPois MR+ Int-5 SInv}
   (You found it on level 15 of the Dungeon)

   [ring of see invisible]

   It affects your intelligence (-5).
   It protects you from poison.
   It affects your resistance to hostile enchantments.
   It lets you see invisible.
 W - the ring "Naista" {rElec rF+ rC- rN+ EV+4}
   (You found it on level 15 of the Dungeon)

   [ring of evasion]

   It affects your evasion (+4).
   It protects you from fire.
   It makes you vulnerable to cold.
   It insulates you from electricity.
   It protects you from negative energy.
Wands
 r - a wand of paralysis (12)
 y - a wand of digging (14) {@v3}
 F - a wand of disintegration (19)
 G - a wand of acid (23) {@v1}
 H - a wand of polymorph (4)
 P - a wand of flame (45) {@v4}
 X - a wand of clouds (4)
Scrolls
 f - 12 scrolls of teleportation {@r3}
 h - 7 scrolls of magic mapping {@r5}
 i - 18 scrolls of remove curse {@r2}
 m - a scroll of blinking {@r4}
 x - 5 scrolls of fear
 C - 2 scrolls of fog
 M - a scroll of silence
 T - 2 scrolls of identify {@r1}
 V - a scroll of summoning
Potions
 d - 14 potions of curing {@q1}
 j - 3 potions of stabbing {@q5}
 k - a potion of might {@q3}
 n - 3 potions of haste {@q4}
 o - 3 potions of cancellation
 p - a potion of flight
 t - 7 potions of heal wounds {@q2}
 w - a potion of magic
 z - 4 potions of ambrosia
 D - 4 potions of brilliance
 I - 3 potions of lignification {@q7}
 K - 2 potions of berserk rage
 R - 3 potions of mutation
Miscellaneous
 g - a box of beasts
 s - a phial of floods
 J - a tin of tremorstones (3/3)
 N - a lightning rod (4/4)
Comestibles
 e - 33 rations
 Z - 11 chunks of flesh


   Skills:
 * Level 15.3 Fighting
 * Level 17.6 Axes
 + Level 13.3 Armour
 - Level 5.5 Dodging
 * Level 17.0 Shields
 * Level 18.8 Invocations
 - Level 10.0 Evocations


You had 18 spell levels left.
You didn't know any spells.
Your spell library contained the following spells:

 Spells                   Type           Power        Failure   Level  Hunger
 Animate Skeleton         Necr           N/A          100%        1    ##.....
 Apportation              Tloc           #.....       100%        1    ##.....
 Beastly Appendage        Tmut           #.....       100%        1    ##.....
 Corona                   Hex            #......      100%        1    ##.....
 Magic Dart               Conj           #...         100%        1    ##.....
 Pain                     Necr           #...         100%        1    ##.....
 Sandblast                Erth           #.....       100%        1    ##.....
 Summon Butterflies       Summ           #.......     100%        1    ##.....
 Summon Small Mammal      Summ           #...         100%        1    ##.....
 Blink                    Tloc           N/A          100%        2    ###....
 Call Imp                 Summ           #.......     100%        2    ###....
 Passwall                 Tmut/Erth      #.......     100%        2    ###....
 Slow                     Hex            #.......     100%        2    ###....
 Sticks to Snakes         Tmut           #.......     100%        2    ###....
 Call Canine Familiar     Summ           #.......     100%        3    ####...
 Confusing Touch          Hex            #.......     100%        3    ####...
 Conjure Flame            Conj/Fire      #.......     100%        3    ####...
 Gell's Gravitas          Tloc           #.........   100%        3    ####...
 Inner Flame              Hex/Fire       #.......     100%        3    ####...
 Mephitic Cloud           Conj/Pois/Air  #.......     100%        3    ####...
 Spider Form              Tmut/Pois      #.........   100%        3    ####...
 Stone Arrow              Conj/Erth      #.....       100%        3    ####...
 Summon Guardian Golem    Hex/Summ       #.......     100%        3    ####...
 Vampiric Draining        Necr           #.........   100%        3    ####...
 Animate Dead             Necr           N/A          100%        4    #####..
 Ice Form                 Ice/Tmut       #.......     100%        4    #####..
 Petrify                  Tmut/Erth      #.......     100%        4    #####..
 Sticky Flame             Conj/Fire      #.......     100%        4    #####..
 Summon Ice Beast         Ice/Summ       #.......     100%        4    #####..
 Summon Lightning Spire   Summ/Air       #.......     100%        4    #####..
 Agony                    Necr           #.......     100%        5    ######.
 Blade Hands              Tmut           #.........   100%        5    ######.
 Bolt of Magma            Conj/Fire/Erth #.........   100%        5    ######.
 Irradiate                Conj/Tmut      #.........   100%        5    ######.
 Iskenderun's Battlesphe  Conj/Chrm      #.......     100%        5    ######.
 Lee's Rapid Deconstruct  Erth           #.........   100%        5    ######.
 Metabolic Englaciation   Hex/Ice        #.........   100%        5    ######.
 Silence                  Hex/Air        #.........   100%        5    ######.
 Summon Mana Viper        Hex/Summ       #.......     100%        5    ######.
 Yara's Violent Unravell  Hex/Tmut       #.........   100%        5    ######.
 Conjure Ball Lightning   Conj/Air       #.........   100%        6    #######
 Hydra Form               Tmut           #.........   100%        6    #######
 Statue Form              Tmut/Erth      #........    100%        6    #######
 Dragon Form              Tmut           #.........   100%        7    #######
 Summon Hydra             Summ           #.........   100%        7    #######
 Tornado                  Air            #.........   100%        9    #######


Dungeon Overview and Level Annotations

Branches:
Dungeon (15/15)            Temple (1/1) D:7            Lair (3/6) D:10
  Swamp (4/4) Lair:2       Spider (4/4) Lair:3          Orc (2/2) D:9
    Elf (0/3) Orc:2        Vaults (5/5) D:13          Crypt (0/3) Vaults:2
 Depths (0/5) D:15        Volcano (visited)

Altars:
Ashenzari
Cheibriados
Dithmenos
Fedhas
Gozag
Kikubaaqudgha
Makhleb
Nemelex Xobeh
Okawaru
Trog
Uskayaw
Vehumet
Wu Jian
Yredelemnul
Zin
The Shining One
Beogh

Shops:
D:7 *   Orc:2 :[([

Portals:
Abyss: Orc:2

Annotations:
D:12 2 transporters, Dirian's ghost, journeyman MiFi
Lair:1 3 runed translucent doors, UristMcRaven's ghost, journeyman DECj
Orc:2 2 transporters, Trampli's ghost, journeyman DDBe
Vaults:3 2 runed translucent doors, TuffENuff's ghost, veteran FoFi; Ugguttuj's ghost, veteran DrWn


Innate Abilities, Weirdness & Mutations

You are resistant to damage.
You can heal yourself by infusing magical energy.
You resist negative energy. (rN+)
You passively map a large area around you.
You do not regenerate.


Message History

No target in view!
No target in view!
No target in view!
No target in view!
No target in view!
No target in view!
No target in view!
No target in view!
No target in view!
Items here: ) [[ † a cursed -2 long sword; a +0 chain mail; a +2 kite shield; a human corpse You butcher the human corpse.
Z - 7 chunks of flesh (gained 1)
Items here: ) [[ ÷ a cursed -2 long sword; a +0 chain mail; a +2 kite shield; a human skeleton
Items here: ) [[ ÷ a cursed -2 long sword; a +0 chain mail; a +2 kite shield; a human skeleton
Things that are here:
a +0 giant spiked club x2; a glowing shapeshifter corpse
Items here: ) [[ ÷ a cursed -2 long sword; a +0 chain mail; a +2 kite shield; a human skeleton
Items here: ))) [[ †† No target in view!
No target in view!
No target in view!
No target in view!
No target in view!
No target in view!
No target in view!
You butcher the human corpse.
Z - 9 chunks of flesh (gained 2)
You butcher the deep troll corpse.
Z - 10 chunks of flesh (gained 1)
Items here: ))) [[ ÷÷ x2
e - 33 rations (gained 1)
You see here a +0 rapier.
You see here a trident.
Some of the chunks of flesh in your inventory have rotted away.
Some of the chunks of flesh in your inventory have rotted away.
Things that are here:
a +0 spear; a +0 robe; an ogre skeleton You see here 4 large rocks.
Items here: )))) ÷÷
Items here: ( )) ÷ a +0 arbalest x2; 19 bolts; a yaktaur skeleton
Items here: ( ))) ÷÷
Items here: ( )) [[ ÷÷
Items here: ( ))))))))))) [[[[[[[[ ÷÷÷÷÷÷
Items here: ((( ))))) [[[[[[ ÷÷÷
Items here: ((( )))))) [[[[ ÷÷÷÷÷
Items here: (((( ))))) [[[[ ÷÷÷÷÷÷÷
Items here: ( )) [ ÷÷ You butcher the stone giant corpse.
Z - 11 chunks of flesh (gained 7)
Things that are here:
a cursed -1 morningstar; a +0 scale mail; a stone giant skeleton
Things that are here:
a cursed -1 morningstar; a +0 scale mail; a stone giant skeleton
Items here: ( )) [ ÷÷
Found a chain mail.
No target in view!
A frost giant comes into view.
It is wielding a +1 battleaxe of freezing.
The frost giant shouts!
You hear a screech!
The frost giant casts a spell at you. The bolt of cold hits you!!!!
You feel a terrible chill!
A frost giant is nearby!
A frost giant is nearby!
A frost giant is nearby!
A frost giant is nearby!
You are too injured to fight recklessly!
You are too injured to fight recklessly!
You are too injured to fight recklessly!
You are too injured to fight recklessly!
You are too injured to fight recklessly!
You are too injured to fight recklessly!
You are too injured to fight recklessly!
You are too injured to fight recklessly!
You are too injured to fight recklessly!
You are too injured to fight recklessly!
You are too injured to fight recklessly!
You are too injured to fight recklessly!
You are too injured to fight recklessly!
A frost giant is nearby!
Your magical essence is drained by the effort!
You feel much better.
A freezing wraith comes into view.
You feel much better.
You start waiting.
The frost giant is too close now for your liking.
The frost giant gestures at you while chanting.
The bolt of cold hits you!!!
You feel a terrible chill!
* * * LOW HITPOINT WARNING * * *
The bolt of cold hits you!!!
You feel a terrible chill!
* * * LOW HITPOINT WARNING * * *
You are too injured to fight recklessly!
You are too injured to fight recklessly!
You feel much better.
The frost giant points at you and mumbles some strange words.
The bolt of cold hits you!!
You feel a terrible chill!
You die...

, .#
..##..##..##..#....#.###.#
,*
..*#..##..##..#....#.....#
* ).##..##..###....#.###.#
,* *#.. #..##..###....#.#
#.. ,
,.##..##..##..#....#.# #.#
* , #.. #..##..# ,
,#.....# ..##..##..###
,,,#.###.# , .. #..##..#*
#.# #.# , *,
..##.@##..#,,, #. #.. ,*
*#.. #.C# ..#, ,, ... ,,*
..# ..##. ## , * #.# *
*.[*#.. *.W * , ** * , ,,
*..#*,,##. , * ** ,*#.. *
* .. , , * ##* * * *.., ,
* , , , .. < , , , , , , ,
, ,, , ,


You could see a frost giant and a freezing wraith.

Vanquished Creatures
  2 ancient liches (Vaults:5)
  Saint Roka (Orc:2)
  Jory (Vaults:2)
  A lich (Vaults:4)
  Jorgrun (Spider:3)
  3 titans (Vaults:5)
  3 sphinxes
  A shadow dragon (Vaults:5)
  2 storm dragons
  A thorn hunter (Swamp:4)
  3 tengu reavers
  A fire giant (D:15)
  A frost giant (D:15)
  4 vault wardens
  2 iron dragons (Vaults:5)
  A ghost moth (Spider:4)
  A deep elf elementalist (Vaults:5)
  6 ironheart preservers
  A war gargoyle (Vaults:2)
  7 very ugly things
  6 stone giants
  2 entropy weavers
  A spark wasp (Spider:4)
  Azrael (Orc:2)
  5 ettins
  10 yaktaur captains
  A fire dragon (D:13)
  3 rakshasas
  2 naga warriors (D:13)
  25 vault guards
  11 hydras
  A ghost crab (Swamp:3)
  12 centaur warriors
  A death knight (Vaults:2)
  4 ogre magi
  3 alligators
  3 deep troll earth magi (Vaults:2)
  11 two-headed ogres
  2 deep troll shamans
  3 tengu warriors (D:15)
  A hell knight (D:15)
  Sonja (Orc:2)
  An iron troll (D:13)
  5 skeletal warriors
  3 shadow wraiths (Vaults:3)
  2 deep trolls
  A spriggan druid (Swamp:4)
  2 swamp dragons (Swamp:4)
  2 unseen horrors
  2 phantasmal warriors
  2 wizards
  9 ironbrand convokers
  Pikel (D:8)
  2 anaconda skeletons (Volcano)
  10 orc knights
  5 harpies (Vaults:3)
  A necromancer (Vaults:3)
  8 ugly things
  9 orb spiders
  20 wolf spiders
  2 deep elf magi
  2 orc sorcerers
  A salamander (shapeshifter) (D:14)
  5 cyclopes
  5 large abominations (D:11)
  5 manticores
  3 elephants (Lair:2)
  4 gargoyles
  2 torpor snails
  2 guardian serpents (D:15)
  8 spiny frogs
  8 vault sentinels
  5 freezing wraiths
  A rime drake (shapeshifter) (D:13)
  4 komodo dragons
  A kobold demonologist (D:15)
  A rime drake (Lair:2)
  8 yaktaurs
  5 demonic crawlers
  A tengu conjurer (D:15)
  9 trolls
  22 jumping spiders
  6 tyrant leeches
  A polar bear (shapeshifter) (D:13)
  A harpy skeleton (Volcano)
  3 bog bodies
  13 hornets
  A blink frog (shapeshifter) (Vaults:3)
  14 slime creatures
  2 hippogriffs (Lair:1)
  16 tarantellas
  3 flying skulls (Volcano)
  59 redbacks
  7 spriggans
  2 shadows (D:15)
  4 wraiths
  31 yaks
  3 wyverns
  A wyvern (shapeshifter) (Vaults:5)
  5 fire elementals (Orc:2)
  A golden eye (shapeshifter) (Vaults:2)
  4 hogs (D:10)
  A basilisk (D:12)
  4 hungry ghosts
  11 vampire mosquitoes
  A human (D:10)
  12 insubstantial wisps
  7 wargs
  8 swamp worms
  A soldier ant (shapeshifter) (Vaults:3)
  An acid dragon (D:13)
  3 water moccasins (Lair:2)
  2 floating eyes (D:15)
  A porcupine (Lair:3)
  7 swamp drakes
  7 small abominations (D:11)
  A soldier ant (D:15)
  3 hell hounds (Orc:2)
  3 ice beasts
  45 orc warriors
  5 sky beasts
  3 slaves (D:8)
  An ogre (shapeshifter) (Vaults:2)
  A black bear (D:11)
  19 ogres
  10 wolves
  2 phantoms (D:6)
  An eye of draining (shapeshifter) (D:15)
  21 centaurs
  4 crocodiles
  5 big kobolds
  13 bullfrogs
  4 scorpions
  5 killer bees (D:7)
  8 wights
  2 troll skeletons (Volcano)
  3 electric eels
  A lava snake (Lair:1)
  5 crimson imps
  4 bullfrog zombies
  2 centaur zombies
  2 howler monkeys (D:13)
  A wyvern simulacrum (D:15)
  5 hounds
  A quasit (D:13)
  3 bullfrog skeletons
  19 orc priests
  5 centaur skeletons
  5 jellies
  21 orc wizards
  2 iguanas
  A worker ant (shapeshifter) (Vaults:2)
  8 worker ants
  A killer bee zombie (D:6)
  4 hound zombies
  2 hound skeletons
  A worker ant zombie (D:10)
  3 gnolls (D:6)
  7 adders
  A howler monkey skeleton (D:7)
  9 shadow imps
  An ooze (D:4)
  A worm (D:5)
  3 dart slugs (D:1)
  5 leopard geckos
  80 orcs
  A ball python (D:6)
  3 giant cockroaches
  5 goblins (D:1)
  3 hobgoblins
  9 jackals
  29 kobolds
  A quokka (D:5)
  5 bats
  3 frilled lizards
  A jackal zombie (D:5)
  2 quokka skeletons (D:4)
  3 rats
  2 fungi (Lair:2)
  4 plants
1017 creatures vanquished.

Vanquished Creatures (collateral kills)
  Donald (Spider:4)
  An emperor scorpion (Spider:4)
  2 ghost moths (Spider:4)
  An entropy weaver (Spider:4)
  A spark wasp (Spider:4)
  A yaktaur captain (D:12)
  4 hydras (Swamp:4)
  A shambling mangrove (Swamp:4)
  5 swamp dragons (Swamp:4)
  2 orb spiders (Spider:4)
  5 wolf spiders (Spider:4)
  4 jumping spiders (Spider:4)
  A tyrant leech (Swamp:4)
  5 hornets (Spider:4)
  7 tarantellas (Spider:4)
  18 redbacks (Spider:4)
  A swamp worm (Swamp:4)
  2 swamp drakes (Swamp:4)
62 creatures vanquished.

Vanquished Creatures (others)
  A tengu reaver (Vaults:5)
  A frost giant (Vaults:5)
  A yaktaur captain (Vaults:5)
  A deep elf mage (Vaults:5)
  A jumping spider (Spider:4)
  An ogre (Orc:2)
  An orc priest (Orc:2)
  An orc wizard (Orc:2)
  2 orcs (Orc:2)
  A fungus (Lair:2)
  3 plants (Lair:2)
14 creatures vanquished.

Grand Total: 1093 creatures vanquished

Notes
Turn   | Place    | Note
-------+----------+-------------------------------------------
     0 | D:1      | EnegeticOcto the Deep Dwarf Fighter began the quest for the
                  | Orb.
     0 | D:1      | Reached XP level 1. HP: 20/20 MP: 1/1
    77 | D:1      | Reached XP level 2. HP: 25/27 MP: 2/2
   208 | D:1      | Reached XP level 3. HP: 29/34 MP: 3/3
   719 | D:3      | Reached skill level 1 in Dodging
   719 | D:3      | Reached XP level 4. HP: 29/42 MP: 4/4
   769 | D:3      | Found a blossoming altar of Fedhas.
   958 | D:4      | Reached XP level 5. HP: 42/50 MP: 5/5
  1047 | D:4      | Noticed an ogre
  1058 | D:4      | Killed an ogre
  1083 | D:4      | Reached XP level 6. HP: 57/57 MP: 6/6
  1208 | D:4      | Got a brightly glowing silver ring
  1209 | D:4      | Identified the cursed ring "Saralite" {rC+ Str-4} (You
                  | found it on level 4 of the Dungeon)
  1354 | D:5      | Entered Level 5 of the Dungeon
  1443 | D:5      | Noticed an ice beast
  1453 | D:5      | Killed an ice beast
  1453 | D:5      | Reached XP level 7. HP: 52/66 MP: 6/6
  1660 | D:5      | Reached skill level 5 in Axes
  1776 | D:5      | Reached skill level 5 in Fighting
  1986 | D:5      | Reached skill level 5 in Armour
  1986 | D:5      | Reached skill level 5 in Shields
  2211 | D:6      | Reached XP level 8. HP: 45/74 MP: 7/7
  2865 | D:7      | Gained mutation: You passively map the area around you.
                  | [Deep Dwarf growth]
  2865 | D:7      | Reached XP level 9. HP: 56/85 MP: 6/6
  3195 | D:7      | Found Beusedic's General Store.
  3204 | D:7      | Found a staircase to the Ecumenical Temple.
  3438 | Temple   | Entered the Ecumenical Temple
  3445 | Temple   | Became a worshipper of Makhleb the Destroyer
  3510 | D:8      | Reached skill level 5 in Dodging
  3548 | D:8      | Noticed a deep troll
  3569 | D:8      | Reached skill level 1 in Invocations
  3584 | D:8      | Identified the Tome of Igneous Boosts
  3669 | D:8      | Noticed Pikel
  3685 | D:8      | Killed Pikel
  3685 | D:8      | Reached skill level 2 in Invocations
  3811 | D:8      | Reached skill level 3 in Invocations
  3836 | D:8      | Found a shadowy altar of Dithmenos.
  3909 | D:8      | Noticed a komodo dragon
  4082 | D:9      | Reached * piety under Makhleb
  4135 | D:9      | Found a staircase to the Orcish Mines.
  4241 | D:9      | Reached XP level 10. HP: 69/94 MP: 5/5
  4301 | D:9      | Reached skill level 4 in Invocations
  4651 | D:10     | Entered Level 10 of the Dungeon
  4651 | D:10     | Found a staircase to the Lair.
  4832 | D:10     | Reached skill level 5 in Invocations
  4846 | D:10     | Reached ** piety under Makhleb
  4878 | D:10     | Identified the Volume of Fire
  4975 | D:10     | Reached skill level 6 in Invocations
  5263 | D:10     | Reached XP level 11. HP: 104/104 MP: 7/9
  5375 | D:10     | Found a roughly hewn altar of Beogh.
  5611 | D:11     | Reached skill level 7 in Invocations
  5645 | D:11     | Reached *** piety under Makhleb
  5702 | D:11     | Reached skill level 10 in Axes
  5762 | D:11     | Noticed a wizard
  5774 | D:11     | Killed a wizard
  5781 | D:11     | Noticed a large abomination
  5808 | D:11     | Noticed a large abomination
  5840 | D:11     | Killed a large abomination
  5840 | D:11     | Reached skill level 8 in Invocations
  5860 | D:11     | Killed a large abomination
  6296 | D:11     | Noticed a four-headed hydra
  6310 | D:11     | Killed an eight-headed hydra
  6310 | D:11     | Reached skill level 1 in Evocations
  6623 | D:12     | Noticed a two-headed ogre
  6633 | D:12     | Killed a two-headed ogre
  6633 | D:12     | Reached skill level 9 in Invocations
  6675 | D:12     | Got a steaming helmet
  6695 | D:12     | Reached **** piety under Makhleb
  6703 | D:12     | Identified the cursed +0 helmet of the Forsaken Beds {*Slow
                  | Int+3 Dex+2} (You found it on level 12 of the Dungeon)
  6862 | D:12     | Reached XP level 12. HP: 115/115 MP: 9/9
  7016 | D:12     | Noticed a yaktaur captain
  7025 | D:12     | Killed a yaktaur captain
  7040 | D:12     | Reached skill level 10 in Shields
  7213 | D:12     | Noticed a two-headed ogre
  7213 | D:12     | Noticed Dirian's ghost (journeyman MiFi)
  7213 | D:12     | Noticed a two-headed ogre
  7214 | D:12     | Found a transporter.
  7214 | D:12     | Noticed a two-headed ogre
  7214 | D:12     | Noticed a two-headed ogre
  7215 | D:12     | Noticed a two-headed ogre
  7218 | D:12     | Found a transporter.
  7382 | D:13     | Noticed a centaur warrior
  7393 | D:13     | Reached skill level 10 in Invocations
  7400 | D:13     | Killed a centaur warrior
  7400 | D:13     | Reached skill level 10 in Fighting
  7462 | D:13     | Found a gate to the Vaults.
  7471 | D:13     | Reached ***** piety under Makhleb
  7778 | D:13     | Noticed a centaur warrior
  7790 | D:13     | Killed a centaur warrior
  7831 | D:13     | Found a runed translucent door.
  7831 | D:13     | Noticed a fire dragon
  7841 | D:13     | Noticed a yaktaur captain
  7962 | D:13     | Found a large runed translucent door.
  7968 | D:13     | Found a large runed translucent door.
  7970 | D:13     | Noticed a two-headed ogre
  7976 | D:13     | Noticed a naga warrior
  8001 | D:13     | Noticed a naga warrior
  8305 | D:13     | Killed a yaktaur captain
  8322 | D:13     | Killed a fire dragon
  8502 | D:13     | Found an iron altar of Okawaru.
  8502 | D:13     | Found an iron altar of Okawaru.
  8515 | D:13     | Killed a two-headed ogre
  8515 | D:13     | Reached XP level 13. HP: 111/124 MP: 9/9
  8534 | D:13     | Reached skill level 11 in Invocations
  8581 | D:13     | Got a steaming plate armour
  8592 | D:13     | Identified the +6 plate armour of Immorality {*Drain MR+
                  | Int+2} (You found it on level 13 of the Dungeon)
  8712 | Orc:1    | Entered Level 1 of the Orcish Mines
  8712 | Orc:1    | Found a roughly hewn altar of Beogh.
  8873 | Orc:1    | Reached skill level 5 in Evocations
  9141 | Orc:2    | Entered Level 2 of the Orcish Mines
  9180 | Orc:2    | Noticed Sonja
  9250 | Orc:2    | Killed Sonja
  9406 | Orc:2    | Noticed Saint Roka
  9454 | Orc:2    | Killed Saint Roka
  9456 | Orc:2    | Found a staircase to the Elven Halls.
  9531 | Orc:2    | Found a dark tunnel.
  9599 | Volcano  | Entered a volcano
  9627 | Volcano  | Reached ****** piety under Makhleb
  9725 | Volcano  | Reached skill level 12 in Invocations
  9963 | Orc:2    | Found Hyvane's Antique Weapon Shoppe.
  9963 | Orc:2    | Found Enaemej's Antique Armour Shop.
  9965 | Orc:2    | Found Myzxesik's Book Boutique.
  9967 | Orc:2    | Found Iricaw's Antique Armour Emporium.
  9982 | Orc:2    | Bought a steaming plate armour for 672 gold pieces
  9992 | Orc:2    | Identified the +2 plate armour "Waruoschi" {rElec} (You
                  | bought it in a shop on level 2 of the Orcish Mines)
  9992 | Orc:2    | Bought a brightly glowing plate armour for 672 gold pieces
 10002 | Orc:2    | Identified the +3 plate armour of the Unseen Realm {MR++
                  | rCorr Str-5 SInv} (You bought it in a shop on level 2 of
                  | the Orcish Mines)
 10038 | Orc:2    | Found a transporter.
 10040 | Orc:2    | Identified the +5 battleaxe of Mana {distort, rF+ rC+
                  | Str+4}
 10054 | Orc:2    | Found a one-way gate to the infinite horrors of the Abyss.
 10100 | Orc:2    | Noticed Azrael
 10132 | Orc:2    | Killed Azrael
 10165 | Orc:2    | Noticed Trampli's ghost (journeyman DDBe)
 10174 | Orc:2    | Found a transporter.
 10384 | Lair:1   | Entered Level 1 of the Lair of Beasts
 10472 | Lair:1   | Found a runed translucent gate.
 10472 | Lair:1   | Found a runed translucent gate.
 10472 | Lair:1   | Found a runed translucent gate.
 10581 | Lair:2   | Gained mutation: You resist negative energy. (rN+) [Deep
                  | Dwarf growth]
 10581 | Lair:2   | Reached XP level 14. HP: 128/135 MP: 11/11
 10974 | Lair:2   | Reached skill level 10 in Armour
 11024 | Lair:2   | Found a staircase to the Swamp.
 11522 | Lair:3   | Found a hole to the Spider Nest.
 11551 | Spider:1 | Entered Level 1 of the Spider Nest
 11670 | Spider:1 | Reached skill level 13 in Invocations
 11685 | Spider:1 | Identified the cursed +1 spear of Riraast {vorpal, Str+4}
 11685 | Spider:1 | Noticed an entropy weaver
 11691 | Spider:1 | Killed an entropy weaver
 12003 | Spider:2 | Noticed an entropy weaver
 12024 | Spider:2 | Killed an entropy weaver
 12165 | Spider:2 | Reached XP level 15. HP: 89/144 MP: 13/13
 12457 | Spider:3 | Reached skill level 14 in Invocations
 12532 | Spider:3 | Noticed Jorgrun
 12555 | Spider:3 | Killed Jorgrun
 12613 | Spider:4 | Entered Level 4 of the Spider Nest
 12657 | Spider:4 | Noticed Donald
 12668 | Spider:4 | Killed Donald
 12720 | Spider:4 | Killed a ghost moth
 12722 | Spider:4 | Killed a ghost moth
 12725 | Spider:4 | Noticed a ghost moth
 12725 | Spider:4 | Killed a ghost moth
 12770 | Spider:4 | Got a gossamer rune of Zot
 13019 | Lair:1   | Noticed UristMcRaven's ghost (journeyman DECj)
 13172 | D:14     | Got a translucent granite ring
 13489 | D:14     | You fall into a shaft and drop 1 floor!
 13489 | D:15     | Entered Level 15 of the Dungeon
 13534 | D:15     | Paralysed by a floating eye for 2 turns
 13589 | D:15     | Found a basalt altar of Yredelemnul.
 13759 | D:15     | Found an opulent altar of Gozag.
 13869 | D:15     | Reached skill level 15 in Invocations
 13878 | D:15     | Noticed a fire giant
 13890 | D:15     | Reached XP level 16. HP: 139/154 MP: 14/14
 13908 | D:15     | Found a snail-covered altar of Cheibriados.
 13964 | D:15     | Found a staircase to the Depths.
 14028 | D:15     | Identified the ring "Muqethri" {*Tele rElec Dex+2 Stlth+}
                  | (You found it on level 14 of the Dungeon)
 14030 | D:15     | Identified the ring "Naylasko" {+Fly rC- Str+4 Dex+3
                  | Slay+4} (You found it on level 15 of the Dungeon)
 14142 | D:15     | Got an ancient bronze ring
 14144 | D:15     | Identified the ring "Otiothy" {rPois Int+5} (You found it
                  | on level 15 of the Dungeon)
 14207 | D:15     | Reached skill level 15 in Axes
 14299 | D:15     | Got a scorched wooden ring
 14343 | D:15     | Got a flickering lapis lazuli ring
 14437 | D:15     | Identified the ring of Toxeor {rPois MR+ Int-5 SInv} (You
                  | found it on level 15 of the Dungeon)
 14439 | D:15     | Identified the ring "Naista" {rElec rF+ rC- rN+ EV+4} (You
                  | found it on level 15 of the Dungeon)
 14618 | Swamp:1  | Entered Level 1 of the Swamp
 14899 | Swamp:3  | Reached skill level 10 in Evocations
 14953 | Swamp:4  | Entered Level 4 of the Swamp
 15101 | Swamp:4  | Noticed a thorn hunter
 15133 | Swamp:4  | Killed a thorn hunter
 15173 | Swamp:4  | Reached skill level 16 in Invocations
 15216 | Swamp:4  | Got a decaying rune of Zot
 15993 | Vaults:1 | Entered Level 1 of the Vaults
 16197 | Vaults:2 | Reached skill level 15 in Shields
 16197 | Vaults:2 | Reached XP level 17. HP: 105/165 MP: 13/13
 16233 | Vaults:2 | Noticed Jory
 16249 | Vaults:2 | Killed Jory
 16493 | Vaults:2 | Found a staircase to the Crypt.
 16493 | Vaults:2 | Found a basalt altar of Yredelemnul.
 16494 | Vaults:2 | Found an ancient bone altar of Kikubaaqudgha.
 16919 | Vaults:3 | Found a large runed translucent door.
 16919 | Vaults:3 | Found a large runed translucent door.
 16919 | Vaults:3 | Noticed TuffENuff's ghost (veteran FoFi)
 16919 | Vaults:3 | Noticed Ugguttuj's ghost (veteran DrWn)
 17042 | Vaults:3 | Reached skill level 17 in Invocations
 17490 | Vaults:4 | Noticed a lich
 17506 | Vaults:4 | Killed a lich
 17633 | Vaults:5 | Entered Level 5 of the Vaults
 17647 | Vaults:5 | Gained mutation: You passively map a large area around you.
                  | [Deep Dwarf growth]
 17647 | Vaults:5 | Reached XP level 18. HP: 168/176 MP: 9/9
 17692 | Vaults:5 | Noticed an ancient lich
 17701 | Vaults:5 | Noticed a Hell Sentinel
 17707 | Vaults:5 | Killed an ancient lich
 17721 | Vaults:5 | Noticed an ancient lich
 17732 | Vaults:5 | Identified the ring of the Leaf {rPois Dex+3}
 17758 | Vaults:5 | Killed an ancient lich
 17758 | Vaults:5 | Reached skill level 18 in Invocations
 17779 | Vaults:5 | Reached skill level 15 in Fighting
 17827 | Vaults:5 | Identified the +3 leather armour of Quantum Leap {rPois rC-
                  | rCorr Str+2}
 17875 | Vaults:5 | Reached XP level 19. HP: 183/186 MP: 11/11
 18125 | Vaults:5 | HP: 9/186 [frost giant/bolt of cold (37)]
 18126 | Vaults:5 | Killed from afar by a frost giant

Illustrated notes

Levels and vault maps discovered:
D:1:      minmay_arrival_jagged, layout_rooms, lexackson_kobold_supper
D:2:      layout_basic
D:3:      layout_loops_corners, solitary_fountain, fedhas_ov_isle_minmay
D:4:      layout_rooms
D:5:      layout_gridville, first_ration
D:6:      layout_rooms
D:7:      layout_cave_pools, minmay_temple_entry_statues_pillars, serial_bayou,
          serial_bayou_shore_b, serial_bayou_pond_c, serial_bayou_pond_c,
          serial_bayou_lagoon_a, serial_shops,
          nicolae_shop_competitors_out_of_business
D:8:      layout_rooms, marbit_many_paths, onia_ninara_dug_in_and_dangerous,
          uniq_pikel
D:9:      layout_cross, orc_0_dummy, serial_rivers,
          chequers_serial_rivers_room_a, chequers_serial_rivers_micro_e,
          chequers_serial_rivers_micro_e, chequers_serial_rivers_room_a,
          chequers_serial_rivers_room_a, chequers_serial_rivers_small_3
D:10:     layout_irregular_city, lair_entry_dummy, grunt_livestock,
          david_defended_altar_orc
D:11:     layout_long_grid, laboratory
D:12:     layout_rooms, gammafunk_ghost_smash, minmay_three_doors
D:13:     okawaru_arena_lexackson, layout_loops_cross, david_vaults_4,
          minmay_hidden_floor
D:14:     layout_irregular_city, uniq_josephine
D:15:     hangedman_spin_cycle, serial_shops
Temple:   compressed_dpeg_triangle_lava_temple
Lair:1:   layout_gridlike, gammafunk_ghost_icy
Lair:2:   layout_chaotic_city, minmay_swamp_entry_wisps,
          cheibrodos_lair_reptile_den, serial_bayou_shore_a
Lair:3:   layout_small_grid, spider_nest_entry_funnel_web, gammafunk_ghost_split
Swamp:1:  layout_basic_swamp, hangedman_swamp_blocks
Swamp:2:  layout_basic_swamp, evilmike_swamp_ruin_house_2
Swamp:3:  layout_falls_marsh, evilmike_swamp_ruin_house_1
Swamp:4:  swamp, layout_basic_swamp
Spider:1: layout_spider_delve, nicolae_spider_shape
Spider:2: layout_spider_delve
Spider:3: layout_spider_delve, uniq_jorgrun
Spider:4: grunt_spider_rune_parallel, uniq_donald
Orc:1:    layout_caves, basic_altar
Orc:2:    st_orc_rangers, layout_caves, gammafunk_ghost_abyssal_escape,
          enter_volcano_1, library_closet, uniq_azrael, uniq_sonja,
          uniq_saint_roka
Vaults:1: vaults_standard_mumra_x, sword_in_stone, ontoclasm_vaults_ring_large,
          grunt_vaults_hallway_long, vaults_room_door_hall, v_misc_30,
          v_misc_27, nicolae_vaults_yaktaur_gun_rack,
          nicolae_vaults_little_squares_1, hangedman_vaults_capsules,
          vaults_dpeg_encased_lava, layout_vaults_omnibox
Vaults:2: hangedman_vaults_hard_town_square, nicolae_vaults_bisected_inception,
          nicolae_vaults_circle_grid_a, vaults_dpeg_doors, v_misc_24,
          nicolae_vaults_little_squares_1, minmay_crypt_entry_necro_gods,
          v_pattern_5, vaults_dpeg_ring, vaults_room_stairs_pillars,
          vaults_room_semicircle, v_misc_15, dpeg_vaults_monster_box,
          layout_vaults_omnicross, uniq_jory
Vaults:3: advil_vaults_ghost_guards, nicolae_vaults_circle_grid_b,
          ontoclasm_vaults_hangar, vaults_mumra_hexcomb, v_alt_pattern_2,
          hangedman_vaults_trim, v_misc_18, st_spiral_rooms,
          ontoclasm_vaults_twist, nicolae_vaults_triangles,
          ontoclasm_vaults_fault, v_misc_15, vaults_mumra_lcd,
          layout_vaults_maze
Vaults:4: hangedman_vaults_impose, v_misc_25, hangedman_vaults_corner,
          vaults_mumra_chevron, v_misc_13, ontoclasm_vaults_water_temple,
          ontoclasm_vaults_claustrophobia, vaults_room_grid,
          nicolae_vaults_border_crossing, nicolae_vaults_ring_of_whatevers,
          layout_vaults_chaotic_city
Vaults:5

Skill      XL: |  1  2  3  4  5  6  7  8  9 10 11 12 13 14 15 16 17 18 19 |
---------------+----------------------------------------------------------+-----
Fighting       | 3 4 5 6 7 8 9 10 11 12 13 14 15 | 15.3
Axes           | 3 4 5 7 8 9 10 11 12 13 14 15 16 17 | 17.6
Dodging        | 1 2 3 4 5 |  5.5
Shields        | 4 5 6 8 9 10 11 13 15 16 17 | 17.0
Armour         | 4 5 6 7 8 9 10 11 12 13 | 13.3
Invocations    | 3 6 9 10 12 13 15 16 17 18 | 18.8
Evocations     | 1 4 6 7 9 10 | 10.0

Action                   |  1- 3 |  4- 6 |  7- 9 | 10-12 | 13-15 | 16-18 | 19-21 || total
-------------------------+-------+-------+-------+-------+-------+-------+-------++-------
Melee: War axe           |    74 |   125 |   452 |   475 |       |   572 |     6 ||  1704
       Broad axe         |       |       |       |   324 |  1262 |   520 |    33 ||  2139
Invok: Lesser Servant of |       |       |       |       |     4 |       |       ||     4
       Greater Servant o |       |       |       |       |     3 |     7 |       ||    10
 Abil: Heal Wounds       |       |     6 |    24 |    27 |    10 |    29 |     3 ||    99
Evoke: Tin of tremorston |       |       |       |     3 |     4 |     3 |       ||    10
       Wand              |       |       |       |       |     2 |     3 |       ||     5
  Use: Scroll            |       |       |    13 |    12 |     9 |     7 |     1 ||    42
       Potion            |       |       |       |       |     7 |     6 |       ||    13
 Stab: Invisible         |       |       |       |       |    13 |       |       ||    13
       Distracted        |       |       |       |       |     2 |     3 |       ||     5
       Confused          |       |       |       |       |       |     1 |       ||     1
  Eat: Chunk             |       |     2 |    11 |    13 |    11 |    13 |     2 ||    52
       Ration            |       |       |     1 |     3 |     2 |       |     1 ||     7
Armor: Scale mail        |    47 |    54 |    39 |       |       |       |       ||   140
       Plate armour      |       |       |   193 |   352 |   828 |   818 |     7 ||  2198
       Chain mail        |       |       |    15 |       |       |       |       ||    15
Dodge: Dodged            |    27 |    58 |   171 |   157 |   361 |   401 |     6 ||  1181
Block: Kite shield       |    49 |    58 |   305 |    11 |       |       |       ||   423
       Tower shield      |       |       |       |   789 |  1653 |  1423 |    37 ||  3902
       Reflection        |       |       |       |       |       |       |     1 ||     1
